Map: New Gettysburg LE

Players

Ravier - Winner!

  • Race: Zerg Zerg
  • League: Gold

Northsheeld

  • Race: Protoss Protoss
  • League: Silver

VOD

Have the link to the VOD?

Description

Time

  • Played on: Aug. 1, 2016, 5:22 p.m.
  • Length: 16:24
Show
View Real Time Build Order
Export as new Build Order

Ravier Zerg - Winner!

Build Orders: Hatch First 

Get SALT Encoding   

  12  0:03  Drone  
  13  0:08  Drone  
  14  0:18  Overlord  
  14  0:37  Drone x2  
  14  0:38  Drone  
  17  0:57  Drone, Hatchery  
  17  1:00  Extractor  
  17  1:02  Drone  
  17  1:18  Spawning Pool  
  17  1:22  Drone  
  17  1:25  Drone  
  18  1:32  Drone  
  19  1:41  Drone  
  20  1:53  Overlord  
  20  2:11  Drone x2  
  20  2:12  Queen  
  20  2:14  Queen  
  26  2:16  Metabolic Boost  
  26  2:21  Drone  
  27  2:31  Drone x3  
  30  2:40  Overlord  
  30  2:47  Overlord  
  30  2:57  Overlord  
  30  2:58  Queen  
  30  3:02  Drone  
  30  3:03  Drone  
  34  3:13  Drone x2  
  36  3:27  Drone  
  36  3:28  Drone x5  
  36  3:30  Drone x2  
  36  3:33  Overlord  
  36  3:34  Overlord  
  44  3:42  Extractor, Lair  
  44  3:45  Roach Warren  
  42  3:50  Evolution Chamber  
  42  3:54  Evolution Chamber  
  40  3:59  Extractor  
  39  4:04  Drone x2  
  39  4:05  Drone  
  42  4:11  Hatchery  
  42  4:12  Zergling x6  
  44  4:29  Zerg Missile Weapons Level 1  
  44  4:44  Zerg Melee Weapons Level 1  
  44  4:53  Glial Reconstitution  
  44  4:56  Roach  
  44  4:57  Zergling x2  
  44  4:58  Zergling x12  
  53  5:00  Overlord x3  
  53  5:02  Drone x2  
  55  5:07  Extractor  
  54  5:22  Roach x7  
  68  5:35  Queen  
  70  5:38  Drone  
  70  5:39  Roach x2  
  70  5:42  Drone  
  76  5:49  Roach, Zergling x2  
  79  5:50  Roach  
  83  6:11  Roach, Zergling x2  
  83  6:12  Roach x4  
  83  6:13  Roach x2  
  96  6:26  Drone x2  
  96  6:27  Overlord  
  96  6:28  Overlord x2  
  98  6:48  Roach x2  
  98  6:49  Roach x4  
  111  7:08  Zergling x2  
  111  7:09  Roach x5  
  111  7:13  Spore Crawler  
  116  7:20  Spore Crawler  
  99  7:35  Hydralisk Den  
  99  7:36  Queen  
  90  7:37  Queen  
  90  7:39  Queen  
  59  8:06  Hydralisk x2  
  59  8:07  Hydralisk x6  
  59  8:11  Muscular Augments  
  75  8:26  Hydralisk  
  75  8:27  Hydralisk x3  
  83  8:37  Hydralisk x2  
  83  8:38  Hydralisk  
  84  8:51  Hydralisk  
  84  8:52  Hydralisk x2  
  70  8:56  Hydralisk  
  70  9:01  Hydralisk  
  70  9:02  Hydralisk  
  54  9:13  Hydralisk x2  
  52  9:26  Hydralisk  
  52  9:27  Hydralisk  
  52  9:30  Hydralisk  
  52  9:35  Hydralisk  
  52  9:44  Pneumatized Carapace  
  26  10:16  Drone x5  
  26  10:17  Drone  
  32  10:34  Drone  
  32  10:35  Drone  
  32  11:09  Zergling x2  
  32  11:10  Drone x2  
  29  11:21  Zergling x18  
  36  11:38  Hatchery  
  35  11:48  Hydralisk  
  35  11:50  Zergling x2  
  35  11:51  Zergling x4  
  40  12:00  Queen  
  42  12:24  Hydralisk  
  41  12:33  Hydralisk  
  41  12:34  Zergling x6  
  41  12:35  Zergling x16  
  50  12:43  Hydralisk  
  44  13:11  Hatchery  
  33  13:49  Queen  
  32  13:57  Spore Crawler  
  31  14:13  Spawning Pool  
  26  14:46  Drone x3  
  29  15:17  Drone x2  
  31  15:24  Spore Crawler  
  31  15:25  Drone  
  31  15:26  Spore Crawler, Zergling x4  
  31  15:27  Zergling x22  
Show
View Real Time Build Order
Export as new Build Order

Northsheeld Protoss 

Build Orders:  

Get SALT Encoding   

  12  0:02  Probe (Chrono Boost)  
  13  0:13  Probe (Chrono Boost)  
  14  0:23  Probe (Chrono Boost)  
  15  0:30  Pylon  
  15  0:48  Probe (Chrono Boost)  
  16  0:56  Gateway  
  16  0:58  Probe (Chrono Boost)  
  16  1:00  Assimilator  
  17  1:09  Probe (Chrono Boost)  
  18  1:17  Forge  
  18  1:19  Probe (Chrono Boost)  
  19  1:30  Probe (Chrono Boost)  
  20  1:34  Assimilator  
  20  1:40  Probe (Chrono Boost)  
  21  1:51  Probe (Chrono Boost)  
  22  1:55  Photon Cannon  
  22  2:01  Photon Cannon  
  22  2:02  Probe (Chrono Boost)  
  22  2:04  Photon Cannon  
  23  2:22  Pylon  
  23  2:41  Probe (Chrono Boost)  
  24  2:45  Nexus  
  24  2:55  Pylon  
  24  3:05  Cybernetics Core  
  24  3:43  Stargate  
  24  3:44  Protoss Air Weapons Level 1  
  24  3:45  Stargate  
  24  3:48  Stargate  
  24  3:52  Pylon  
  24  4:06  Probe (Chrono Boost)  
  25  4:16  Probe (Chrono Boost)  
  26  4:25  Assimilator  
  26  4:27  Probe (Chrono Boost)  
  26  4:30  Mothership Core (Chrono Boost)  
  26  4:31  Void Ray  
  33  4:37  Probe (Chrono Boost)  
  34  4:43  Void Ray  
  38  4:48  Probe (Chrono Boost)  
  39  4:58  Probe (Chrono Boost)  
  40  5:00  Assimilator  
  40  5:09  Probe (Chrono Boost)  
  41  5:14  Void Ray  
  41  5:19  Probe (Chrono Boost)  
  46  5:23  Void Ray  
  46  5:25  Protoss Air Armor Level 1  
  50  5:52  Probe (Chrono Boost)  
  51  6:02  Probe (Chrono Boost), Void Ray  
  56  6:13  Probe (Chrono Boost)  
  57  6:23  Probe (Chrono Boost)  
  58  6:26  Void Ray  
  62  6:37  Pylon  
  62  6:42  Pylon  
  62  6:45  Pylon  
  62  6:55  Probe (Chrono Boost), Void Ray  
  38  8:16  Photon Cannon  
  38  8:18  Photon Cannon  
  38  8:23  Probe (Chrono Boost)  
  38  8:24  Photon Cannon  
  39  8:34  Nexus  
  40  8:35  Probe (Chrono Boost)  
  40  8:47  Probe (Chrono Boost)  
  37  8:59  Probe (Chrono Boost)  
  38  9:11  Probe (Chrono Boost)  
  17  10:12  Void Ray  
  17  10:13  Void Ray x2  
  29  10:18  Probe (Chrono Boost)  
  26  10:23  Probe (Chrono Boost)  
  28  10:30  Probe (Chrono Boost)  
  28  10:41  Probe (Chrono Boost)  
  28  10:51  Probe (Chrono Boost)  
  28  10:55  Void Ray  
  29  11:27  Void Ray x2  
  37  11:37  Probe (Chrono Boost)  
  38  11:48  Probe (Chrono Boost)  
  39  11:58  Probe (Chrono Boost)  
  24  14:08  Probe (Chrono Boost)  
Tags
 
Add a new tag
Caveats
  • Supply blocks, unpowered buildings, or Contaminate may cause inaccurate times.
  • Supply counts are checked every 10 seconds.